AoeStats
← Trickshot

Lombardia

509956739Analyzed
3v3 RM · 4d ago on Sep 28, 2026· 53m 29s· 6 players
Game mode
Random Map
Map size
Normal (6 player)
Population
200
Speed
Normal
Resources
Standard
Victory
Conquest
Starting age
Dark Age
Ending age
Imperial Age
RankedLock teamsTeams togetherTeam positionsShared explorationLock speedFull tech treeHidden civsTurbo modeCheats
Victory
Defeat
🇮🇳 Magyars · India
1321
+15
🇺🇸 Teutons · United States
1300
+15
🇪🇸 Bohemians · Spain
1297
+15
🇩🇪 Persians · Germany
1312
-16
🇩🇪 Gurjaras · Germany
1295
-15
🇩🇪 Franks · Germany
1260
-14
Trickshot
9:34 Loom
12:54 Feudal Age
16:34 Castle Age
14:34 Double-Bit Axe
14:57 Horse Collar
18:57 Bow Saw
19:59 Wheelbarrow
24:07 Heavy Plow
25:03 Gold Mining
25:07 Stone Mining
26:22 Town Watch
27:11 Hand Cart
31:52 Imperial Age
30:14 Forging
30:10 Scale Barding Armor
30:07 Fletching
30:18 Padded Archer Armor
30:58 Bloodlines
30:49 Husbandry
32:04 Iron Casting
33:09 Chemistry
32:30 Ballistics
33:59 Blast Furnace
33:00 Scale Mail Armor
32:38 Cavalier
33:44 Chain Barding Armor
35:39 Two-Man Saw
36:39 Caravan
37:25 Leather Archer Armor
37:35 Savar
39:41 Ring Archer Armor
43:25 Conscription
42:42 Light Cavalry
50:20 Bodkin Arrow
51:01 Plate Barding Armor
Spieler2
8:53 Loom
10:39 Feudal Age
15:12 Castle Age
13:20 Double-Bit Axe
15:26 Horse Collar
16:54 Bow Saw
17:30 Heavy Plow
23:08 Wheelbarrow
26:44 Hand Cart
29:31 Imperial Age
27:20 Fletching
27:31 Padded Archer Armor
27:36 Town Watch
28:27 Kshatriyas
29:11 Bodkin Arrow
29:32 Leather Archer Armor
29:39 Ballistics
30:16 Stone Mining
30:20 Gold Mining
30:20 Stone Mining
31:33 Chemistry
30:47 Bracer
30:54 Thumb Ring
30:42 Elite Elephant Archer
31:51 Frontier Guards
31:51 Conscription
32:19 Conscription
33:09 Bloodlines
33:00 Husbandry
46:32 Light Cavalry
52:20 Scale Barding Armor
52:27 Forging
Wilma Raiden I.
10:56 Loom
12:45 Feudal Age
18:43 Castle Age
18:21 Double-Bit Axe
20:07 Bow Saw
19:50 Gold Mining
21:19 Bow Saw
25:31 Gold Shaft Mining
25:50 Wheelbarrow
25:46 Stone Mining
27:04 Hand Cart
33:01 Imperial Age
32:58 Scale Barding Armor
33:41 Forging
33:07 Cavalier
34:11 Chain Barding Armor
37:18 Plate Barding Armor
40:30 Elite Skirmisher
42:51 Chemistry
51:09 Paladin
Petit_Pois
10:52 Loom
13:49 Feudal Age
14:35 Double-Bit Axe
17:26 Castle Age
15:11 Horse Collar
18:31 Bow Saw
18:30 Heavy Plow
25:55 Wheelbarrow
29:02 Imperial Age
26:22 Pikeman
28:24 Chemistry
27:29 Squires
28:32 Hand Cart
28:20 Scale Mail Armor
29:45 Chain Mail Armor
29:05 Halberdier
29:55 Siege Engineers
31:34 Plate Mail Armor
32:26 Forging
31:57 Houfnice
34:22 Iron Casting
38:27 Blast Furnace
42:14 Elite Skirmisher
43:05 Fletching
43:16 Padded Archer Armor
43:38 Ballistics
44:18 Bodkin Arrow
44:42 Leather Archer Armor
45:03 Bracer
46:49 Ring Archer Armor
48:09 Conscription
LYR92426
11:05 Feudal Age
10:15 Loom
11:36 Double-Bit Axe
15:48 Castle Age
13:36 Horse Collar
16:38 Wheelbarrow
16:40 Bow Saw
22:06 Hand Cart
22:54 Heavy Plow
22:57 Town Watch
24:34 Stone Mining
26:30 Gold Mining
30:47 Imperial Age
27:40 Pikeman
28:21 Squires
28:23 Scale Mail Armor
28:34 Forging
29:33 Stone Shaft Mining
30:05 Chain Mail Armor
30:30 Iron Casting
29:45 Fletching
30:19 Ballistics
30:11 Masonry
30:12 Fortified Wall
33:00 Chemistry
32:08 Siege Engineers
32:26 Conscription
33:16 Blast Furnace
32:46 Plate Mail Armor
33:53 Two-Man Saw
32:46 Arson
32:47 Gambesons
33:09 Bodkin Arrow
33:49 Crop Rotation
34:39 Onager
34:42 Capped Ram
35:47 Ironclad
34:48 Elite Teutonic Knight
36:29 Crenellations
36:28 Halberdier
39:22 Caravan
38:51 Man-at-Arms
38:55 Siege Onager
42:03 Padded Archer Armor
42:42 Hoardings
45:07 Long Swordsman
47:04 Cavalier
47:54 Bloodlines
47:57 Scale Barding Armor
47:19 Two-Handed Swordsman
48:11 Paladin
49:17 Chain Barding Armor
50:48 Champion
VedtheAssasin
6:54 Loom
9:30 Feudal Age
10:19 Double-Bit Axe
10:22 Horse Collar
16:34 Wheelbarrow
19:49 Castle Age
17:52 Gold Mining
19:09 Bloodlines
21:59 Bow Saw
21:53 Heavy Plow
29:36 Imperial Age
27:14 Stone Mining
28:47 Hand Cart
29:50 Fletching
31:02 Parthian Tactics
31:06 Ballistics
31:52 Thumb Ring
31:20 Heavy Cavalry Archer
32:39 Gold Shaft Mining
33:47 Padded Archer Armor
33:44 Bodkin Arrow
34:56 Two-Man Saw
34:27 Crop Rotation
35:54 Chemistry
36:27 Husbandry
38:16 Recurve Bow
38:38 Conscription
38:54 Hoardings
38:22 Bracer
38:35 Masonry
39:51 Leather Archer Armor
39:43 Siege Engineers
43:12 Ring Archer Armor
42:18 Light Cavalry
44:12 Scale Barding Armor
43:32 Hussar
50:13 Caravan
52:49 Chain Barding Armor
Connection lost

Rejoining the realm…

Still unreachable

The connection could not be restored.

Session expired

The server has moved on; the page needs a fresh start.